Map: Korhal Carnage Knockout LE

Players

Miszu

  • Race: Terran Terran
  • League: Master

llllllllllll - Winner!

  • Race: Terran Terran
  • League: Master

VOD

Have the link to the VOD?

Description

Time

  • Played on: April 19, 2016, 12:13 p.m.
  • Length: 3:56
Show
View Real Time Build Order
Export as new Build Order

Miszu Terran 

Build Orders: 1/1/1 

Get SALT Encoding   

  12  0:02  SCV  
  13  0:14  SCV  
  13  0:18  Supply Depot  
  14  0:26  SCV  
  15  0:34  Refinery  
  15  0:40  SCV  
  16  0:44  Barracks  
  16  0:52  SCV  
  16  0:56  Refinery  
  17  1:04  SCV  
  18  1:16  SCV  
  19  1:31  Orbital Command  
  19  1:32  Factory  
  19  1:38  Reaper  
  20  1:46  Supply Depot  
  20  1:56  SCV  
  21  2:12  Reaper  
  22  2:16  Hellion  
  22  2:17  Starport  
  22  2:20  SCV  
  25  2:31  Supply Depot  
  25  2:32  SCV  
  26  2:37  Hellion  
  27  2:44  SCV  
  27  2:45  Barracks Tech Lab  
  28  2:59  Factory Reactor  
  28  3:00  SCV  
  29  3:07  Raven  
  29  3:11  Supply Depot  
  32  3:12  SCV  
  32  3:25  SCV  
Show
View Real Time Build Order
Export as new Build Order

llllllllllll Terran - Winner!

Build Orders: 1/1/1, Liberator Opening 

Get SALT Encoding   

  12  0:00  SCV  
  13  0:13  SCV  
  14  0:18  Supply Depot  
  14  0:25  SCV  
  15  0:29  Refinery  
  15  0:39  SCV  
  16  0:45  Barracks  
  16  0:51  SCV  
  17  0:57  Refinery  
  17  1:03  SCV  
  18  1:16  SCV  
  19  1:31  Orbital Command  
  19  1:33  Factory  
  19  1:37  Reaper  
  20  1:42  Supply Depot  
  20  1:57  SCV  
  21  2:09  Reaper, SCV  
  23  2:16  Starport, Hellion  
  23  2:21  SCV  
  26  2:31  Supply Depot  
  26  2:34  SCV  
  26  2:36  Liberator  
  27  2:37  Hellion  
  27  2:41  Reaper  
  30  2:46  SCV  
  34  2:59  Hellion  
  34  3:01  SCV  
  34  3:03  Supply Depot  
  37  3:13  SCV  
  37  3:18  Barracks Reactor  
  38  3:25  SCV  
  38  3:26  Factory Tech Lab  
  34  3:50  Engineering Bay  
Tags
 
Add a new tag
Caveats
  • Supply blocks, unpowered buildings, or Contaminate may cause inaccurate times.
  • Supply counts are checked every 10 seconds.